 Dungeon Crawl Stone Soup version 0.27.1-35-g4d5d836560 (webtiles) character file.

Game seed: 7992276604544499282

83760 pkoi the Destroyer (level 14, -24/110 HPs)
             Began as a Demigod Conjurer on May 19, 2022.
             Annihilated by a very large slime creature (45 damage)
             ... on level 14 of the Dungeon.
             The game lasted 01:04:07 (37545 turns).

pkoi the Destroyer (Demigod Conjurer)              Turns: 37545, Time: 01:04:08

Health: -24/110    AC: 17    Str: 13    XL:     14   Next: 94%
Magic:  5/27       EV: 15    Int: 36    God:
Gold:   1108       SH:  5    Dex: 12    Spells: 2/25 levels left

rFire    + + .     SeeInvis +   a - +3 great sword
rCold    + . .     Faith    .   (shield currently unavailable)
rNeg     + + .     Spirit   .   U - +3 troll leather armour {Snorg}
rPois    +         Reflect  +   O - +1 helmet "Orhih" {Slay+5 Stlth-}
rElec    .         Harm     .   G - +1 cloak {Stlth+}
rCorr    +         Rampage  .   J - +0 pair of gloves
Will     +....     Rnd*Rage +   n - +0 pair of boots
Stlth    ++........             r - amulet of the Ego {Reflect rCorr Str+5 SH+5 SInv}
HPRegen  1.28/turn              o - ring "Nuta" {Fire rPois rN+ Slay+2}
MPRegen  0.20/turn              Q - ring "Fanlitu" {rC+ rN+}

@: no status effects
A: high mp 1, forlorn, iridescent scales 1, berserk 1, cold resistance 1, fire
resistance 1, poison resistance, evolution 1, sturdy frame 1
a: no special abilities


You were on level 14 of the Dungeon.
You visited 2 branches of the dungeon, and saw 20 of its levels.

You collected 1408 gold pieces.
You spent 300 gold pieces at shops.

Inventory:

Hand Weapons
 a - a +3 great sword (weapon)
 b - the +8 longbow "Zephyr" {speed, Dex+3 SInv}
   (You found it on level 6 of the Lair of Beasts)

   Attacks with this weapon are significantly faster.
   Dex:       It affects your dexterity (+3).
   SInv:      It lets you see invisible.
Missiles
 l - 2 curare-tipped darts
 p - 2 throwing nets
Armour
 n - a +0 pair of boots (worn)
 G - a +1 cloak of stealth (worn)
 J - a +0 pair of gloves (worn)
 O - the +1 helmet "Orhih" (worn) {Slay+5 Stlth-}
   (You found it on level 1 of the Lair of Beasts)

   Slay:      It affects your accuracy & damage with ranged weapons and melee
   (+5).
   Stlth:     It makes you less stealthy.
 U - a +3 troll leather armour (worn) {Snorg}
Jewellery
 c - a ring of fire
 o - the ring "Nuta" (left hand) {Fire rPois rN+ Slay+2}
   (You took it off a tengu conjurer on level 12 of the Dungeon)

   [ring of fire]

   It enhances your fire magic.
   Slay:      It affects your accuracy & damage with ranged weapons and melee
   (+2).
   rF:        It protects you from fire.
   rC:        It makes you vulnerable to cold.
   rPois:     It protects you from poison.
   rN:        It protects you from negative energy.
 r - the amulet of the Ego (around neck) {Reflect rCorr Str+5 SH+5 SInv}
   (You took it off a tengu warrior on level 12 of the Dungeon)

   [amulet of reflection]

   It reflects blocked missile attacks.
   Str:       It affects your strength (+5).
   SInv:      It lets you see invisible.
   rCorr:     It protects you from acid and corrosion.
   SH:        It affects your SH (+5).
 A - a ring of positive energy
 I - a ring of willpower
 Q - the ring "Fanlitu" (right hand) {rC+ rN+}
   (You found it on level 6 of the Lair of Beasts)

   [ring of positive energy]

   rC:        It protects you from cold.
   rN:        It protects you from negative energy.
 X - a ring of protection from fire
Wands
 i - a wand of digging (5)
 B - a wand of polymorph (35)
 E - a wand of mindburst (26)
 P - a wand of iceblast (13)
 R - a wand of flame (51)
Scrolls
 d - a scroll of acquirement
 e - 2 scrolls of summoning
 f - 8 scrolls of identify
 g - 5 scrolls of teleportation
 j - 2 scrolls of holy word
 m - 3 scrolls of enchant weapon
 u - 3 scrolls of blinking
 F - 5 scrolls of fear
 H - a scroll of magic mapping
 M - 2 scrolls of enchant armour
 V - a scroll of amnesia
 W - a scroll of fog
 Y - a scroll of silence
 Z - a scroll of brand weapon
Potions
 h - 5 potions of might
 k - 2 potions of brilliance
 q - 3 potions of heal wounds
 s - 2 potions of cancellation
 v - 2 potions of berserk rage
 x - 7 potions of flight
 C - 4 potions of curing
 K - a potion of haste
 L - 2 potions of resistance
 T - a potion of ambrosia


   Skills:
 - Level 6.0 Fighting
 - Level 7.0 Long Blades
 + Level 3.4 Bows
 - Level 6.0 Armour
 - Level 8.0 Dodging
 - Level 1.7 Stealth
 - Level 6.0 Spellcasting
 + Level 12.8 Conjurations
 - Level 9.0 Hexes
 - Level 6.0 Translocations
 - Level 6.0 Transmutations
 + Level 7.8 Fire Magic
 + Level 4.6 Earth Magic
 - Level 6.0 Poison Magic


You had 2 spell levels left.
You knew the following spells:

 Your Spells              Type           Power      Damage    Failure   Level
a - Magic Dart            Conj           100%       1d8       1%          1
b - Searing Ray           Conj           100%       3d7       1%          2
c - Iskenderun's Mystic   Conj/Tloc      68%        2d14      1%          4
d - Fulminant Prism       Conj/Hex       36%        3d18      1%          4
e - Olgreb's Toxic Radia  Pois           52%        N/A       3%          4
f - Ignite Poison         Fire/Tmut/Pois 72%        N/A       1%          3
g - Bolt of Magma         Conj/Fire/Erth 41%        4d17      3%          5

Your spell library contained the following spells:

 Spells                   Type           Power      Damage    Failure   Level
 Dazzling Flash           Conj/Hex       100%       N/A       1%          3
 Gell's Gravitas          Tloc           26%        N/A       1%          3
 Teleport Other           Tloc           52%        N/A       1%          3
 Hailstorm                Conj/Ice       54%        3d12      2%          4
 Leda's Liquefaction      Hex/Erth       28%        N/A       2%          4
 Frozen Ramparts          Ice            20%        1d4       11%         3
 Ozocubu's Armour         Ice            10%        N/A       11%         3
 Ice Form                 Ice/Tmut       32%        N/A       11%         4
 Metabolic Englaciation   Hex/Ice        21%        N/A       16%         5
 Summon Ice Beast         Ice/Summ       10%        N/A       34%         4
 Dispersal                Tloc           26%        N/A       43%         6
 Statue Form              Tmut/Erth      32%        N/A       54%         6
 Simulacrum               Ice/Necr       5%         N/A       99%         6


Dungeon Overview and Level Annotations

Branches:
Dungeon (14/15)            Temple (0/1) D:5            Lair (6/6) D:10
  Swamp (0/4) Lair:4        Snake (0/4) Lair:4        Slime (0/5) Lair:6
    Orc (0/2) D:12
 Vaults: D:13-14

Shops:
D:3 :   D:13 :

Annotations:
D:6 artefact triple sword
D:12 5 runed translucent doors
D:14 Louise
Lair:2 Pehuh's ghost, journeyman GrFi
Lair:6 1 runed translucent door


Innate Abilities, Weirdness & Mutations

Your attributes grow dramatically as you level up.
You have an increased reservoir of magic. (+10% MP)
You shall have no god before yourself.
You are partially covered in iridescent scales. (AC +2)
You tend to lose your temper in combat.
Your flesh is cold resistant. (rC+)
Your flesh is heat resistant. (rF+)
Your system is resistant to poisons. (rPois)
You evolve.
Your movements are slightly less encumbered by armour. (ER -2)


Message History

The very large slime creature slams into the rock wall!
Unknown command.
Casting: Iskenderun's Mystic Blast (mildly dangerous; 1% risk of failure)
Confirm with . or Enter, or press ? or * to list all spells.
You erupt in a blast of force!
The mystic blast hits the centaur warrior!!
The centaur warrior is almost dead.
The centaur warrior is knocked back by the mystic blast.
The mystic blast hits the very large slime creature.
The very large slime creature is heavily wounded.
The very large slime creature is knocked back by the mystic blast.
The very large slime creature slams into the rock wall!
A centaur comes into view.
Unknown command.
The centaur shouts!
The very large slime creature hits you!
* * * LOW HITPOINT WARNING * * *
You climb upwards.
There is a stone staircase leading down here.
You block the very large slime creature's attack.
You climb downwards.
You feel a wave of frost pass over you.
There is an entrance to an ice cave on this level.
Hurry and find it before the portal melts!
Level annotation: Louise
There is a stone staircase leading up, spattered with blood here.
Unknown command.
Unknown command.
Unknown command.
Casting: Iskenderun's Mystic Blast (mildly dangerous; 1% risk of failure)
Confirm with . or Enter, or press ? or * to list all spells.
You erupt in a blast of force!
The mystic blast hits the centaur!
The centaur is severely wounded.
The centaur is knocked back by the mystic blast.
The centaur collides with the centaur!
The mystic blast hits the very large slime creature!
The very large slime creature is heavily wounded.
The very large slime creature is knocked back by the mystic blast.
The very large slime creature slams into the rock wall!
The very large slime creature hits you!!!
You die...

#.........,,,,*,,,,,,,,,,*
.....=....,,,,,,,,,,,,,,,*
..........,,,,,,,,,,,,,,**
*
#@........,,,,,****'*****
* #.........,,,,,*,,,,,,,*
* ..........,,,,,*,,,∩,,,*
**
#.........,,,,,*,,,,,,,*
*,
#.........,,,,,####*****
*, **,,,,,,,,,,,,,#@J###
**, *,,,,,,,,,,,,,###cc##
*,, **>,,,,,,,,,,,* ##.c##
**,* *,,,,,,,,,,,,* ##..##
*,,* ****,,,,,,,,**
##..### *,,* *******,,*
##...#* **,** ****
##...#**,,* ##...#*,,*
*##...,**


You could see a very large slime creature, a centaur warrior and 2 centaurs.

Vanquished Creatures
  5 dire elephants (Lair:6)
  Snorg (Lair:5)
  4 boulder beetles
  11 hydras
  A catoblepas (D:13)
  6 two-headed ogres
  3 centaur warriors (D:13)
  A tengu warrior (D:12)
  12 death yaks
  2 spectral death yaks (Lair:6)
  An obsidian statue (Lair:6)
  A spectral anaconda (Lair:6)
  A deep elf archer (D:12)
  4 necromancers (Lair:6)
  3 ugly things
  10 elephants
  4 manticores
  5 black mambas
  2 gargoyles
  2 torpor snails
  22 cane toads
  A dire elephant skeleton (Lair:6)
  2 rime drakes (Lair:6)
  A freezing wraith (D:12)
  5 komodo dragons
  An unseen horror (D:12)
  A yaktaur (D:12)
  A tengu conjurer (D:12)
  8 trolls
  A spectral elephant (Lair:6)
  A polar bear (Lair:6)
  15 dream sheep (Lair:6)
  A wolf spider simulacrum (D:12)
  10 slime creatures
  26 blink frogs
  A centaur simulacrum (D:14)
  Sigmund (D:2)
  A shadow (D:12)
  A spriggan (Lair:2)
  4 wyverns
  A wraith (D:11)
  8 basilisks
  50 yaks
  A death yak simulacrum (Lair:6)
  Eustachio (D:4)
  3 acid dragons
  9 water moccasins
  2 ice beasts
  8 orc warriors
  2 sky beasts
  2 black bears
  2 necrophages (D:6)
  17 wolves
  14 centaurs
  An elephant skeleton (Lair:6)
  2 elephant zombies (Lair:6)
  5 ogres
  8 bullfrogs
  4 gnoll sergeants
  7 kobold brigands
  Blork the orc (D:4)
  3 cane toad simulacra (Lair:6)
  3 scorpions
  6 killer bees
  10 wights
  An electric eel (Lair:3)
  3 howler monkeys
  3 centaur zombies
  6 orc priests
  A bullfrog skeleton (D:6)
  A gnoll shaman (D:8)
  A bullfrog zombie (D:5)
  Crazy Yiuf (D:2)
  6 hounds
  4 jellies
  Jessica (D:3)
  An iguana (D:7)
  8 orc wizards
  4 hell rats (Lair:6)
  A killer bee zombie (D:7)
  A howler monkey zombie (D:9)
  30 gnolls
  3 adders
  A white imp (D:7)
  2 ufetubi (D:4)
  An adder skeleton (D:4)
  A worm (D:5)
  4 dart slugs
  26 orcs
  5 endoplasms
  A giant cockroach (D:1)
  8 goblins
  11 hobgoblins
  A jackal (D:3)
  7 quokkas
  5 ball pythons
  11 bats
  5 frilled lizards
  10 kobolds
  5 rats
  A butterfly (D:5)
534 creatures vanquished.

Vanquished Creatures (collateral kills)
  A water moccasin (Lair:3)
1 creature vanquished.

Vanquished Creatures (others)
  A death knight (D:12)
  An orc wizard (D:5)
  252 fulminant prisms
  59 fungi
  99 plants
  30 withered plants (Lair:6)
442 creatures vanquished.

Grand Total: 977 creatures vanquished

Notes
Turn   | Place    | Note
-------+----------+-------------------------------------------
     0 | D:1      | pkoi the Demigod Conjurer began the quest for the Orb.
     0 | D:1      | Reached XP level 1. HP: 14/14 MP: 5/5
   206 | D:1      | Reached skill level 4 in Conjurations
   334 | D:1      | Reached XP level 2. HP: 20/20 MP: 5/7
   600 | D:1      | Learned a level 2 spell: Searing Ray
   665 | D:1      | Reached XP level 3. HP: 26/26 MP: 5/8
  1143 | D:2      | Noticed Sigmund
  1352 | D:2      | Killed Sigmund
  1353 | D:2      | Reached skill level 6 in Conjurations
  1353 | D:2      | Reached XP level 4. HP: 26/33 MP: 2/9
  1353 | D:2      | Reached XP level 5. HP: 30/38 MP: 2/10
  2450 | D:2      | Found a runed translucent door.
  2451 | D:2      | Noticed Crazy Yiuf
  2907 | D:3      | Learned a level 4 spell: Iskenderun's Mystic Blast
  3020 | D:3      | Found Soamoukae's Book Boutique.
  3539 | D:3      | Noticed Jessica
  3544 | D:3      | Killed Jessica
  3545 | D:3      | Reached XP level 6. HP: 46/46 MP: 7/11
  3668 | D:4      | You fall into a shaft and drop 2 floors!
  3888 | D:6      | Gained mutation: You are occasionally teleported next to
                  | monsters. [potion of mutation]
  3888 | D:6      | Gained mutation: You evolve. [potion of mutation]
  3890 | D:6      | HP: 2/46 [killer bee (4)]
  3891 | D:6      | Reached skill level 1 in Fighting
  3892 | D:6      | Reached skill level 7 in Conjurations
  3892 | D:6      | Reached skill level 1 in Translocations
  3907 | D:6      | Gained mutation: Your flesh is heat resistant. (rF+)
                  | [evolution]
  4418 | D:6      | Reached XP level 7. HP: 53/53 MP: 8/13
  4694 | D:5      | Entered Level 5 of the Dungeon
  4727 | D:5      | Found a staircase to the Ecumenical Temple.
  5121 | D:4      | Learned a level 4 spell: Fulminant Prism
  5311 | D:4      | Noticed Eustachio
  5323 | D:4      | Killed Eustachio
  5683 | D:4      | Gained mutation: You are covered in fur. (AC +1)
                  | [evolution]
  5762 | D:4      | Reached skill level 1 in Hexes
  5762 | D:4      | Reached XP level 8. HP: 62/62 MP: 12/15
  5785 | D:4      | Noticed Blork the orc
  5788 | D:4      | Killed Blork the orc
  6043 | D:5      | Reached skill level 8 in Conjurations
  6045 | D:5      | Identified a scroll of acquirement
  6756 | D:6      | Gained mutation: You tend to lose your temper in combat.
                  | [evolution]
  7099 | D:6      | Reached XP level 9. HP: 71/71 MP: 10/18
  7943 | D:7      | Reached skill level 9 in Conjurations
 10820 | D:2      | Killed Crazy Yiuf
 11161 | D:9      | Reached skill level 5 in Dodging
 11264 | D:9      | Noticed a brown ugly thing
 11282 | D:9      | Killed a brown ugly thing
 11283 | D:9      | Reached XP level 10. HP: 80/80 MP: 2/20
 12004 | D:9      | Noticed a two-headed ogre
 12013 | D:9      | Killed a two-headed ogre
 12049 | D:9      | Noticed a two-headed ogre
 12058 | D:9      | Killed a two-headed ogre
 12059 | D:9      | Reached skill level 5 in Fighting
 12059 | D:9      | Reached skill level 5 in Spellcasting
 12059 | D:9      | Reached skill level 10 in Conjurations
 12059 | D:9      | Reached skill level 5 in Translocations
 12848 | D:9      | Gained mutation: Your spells are a little harder to cast,
                  | but a little more powerful. [evolution]
 12879 | D:10     | Entered Level 10 of the Dungeon
 13457 | D:10     | Gained mutation: Your flesh is cold resistant. (rC+)
                  | [evolution]
 13602 | D:3      | Bought the Incunabulum of Torrid Poison for 300 gold pieces
 13607 | D:3      | Learned a level 4 spell: Olgreb's Toxic Radiance
 13611 | D:3      | Learned a level 3 spell: Ignite Poison
 13871 | D:10     | Identified the +2 cloak of Koyshrui {-Cast rElec Str+3}
 13998 | D:10     | Found a staircase to the Lair.
 14155 | Lair:1   | Entered Level 1 of the Lair of Beasts
 14177 | Lair:1   | Reached skill level 5 in Hexes
 14179 | Lair:1   | Reached XP level 11. HP: 83/88 MP: 12/23
 14265 | Lair:1   | Reached skill level 1 in Poison Magic
 14418 | Lair:1   | Reached skill level 1 in Transmutations
 14418 | Lair:1   | Reached skill level 1 in Fire Magic
 14626 | Lair:1   | Identified the +1 helmet "Orhih" {Slay+5 Stlth-}
 15711 | Lair:2   | Found a runed translucent gate.
 15711 | Lair:2   | Found a runed translucent gate.
 15711 | Lair:2   | Found a runed translucent gate.
 15714 | Lair:2   | Noticed Pehuh's ghost (journeyman GrFi)
 15715 | Lair:2   | Noticed a 12-headed hydra
 15716 | Lair:2   | Noticed a nine-headed hydra
 16249 | Lair:2   | Reached skill level 1 in Long Blades
 16916 | Lair:2   | Noticed a seven-headed hydra
 16921 | Lair:2   | Killed a seven-headed hydra
 17303 | Lair:2   | Gained mutation: You are robust. (+10% HP) [evolution]
 17661 | Lair:3   | Reached skill level 11 in Conjurations
 18039 | Lair:3   | Identified the +1 ring mail "Doomafi" {+Inv}
 18202 | Lair:3   | Noticed a five-headed hydra
 18215 | Lair:3   | Killed a five-headed hydra
 18229 | Lair:3   | Reached XP level 12. HP: 105/105 MP: 11/25
 18259 | Lair:3   | Noticed a five-headed hydra
 18369 | Lair:3   | Noticed a boulder beetle
 18373 | Lair:3   | Killed a boulder beetle
 18489 | Lair:3   | Killed a five-headed hydra
 19228 | Lair:4   | Found a staircase to the Snake Pit.
 19764 | Lair:4   | Noticed a boulder beetle
 19766 | Lair:4   | Found a staircase to the Swamp.
 19771 | Lair:4   | Killed a boulder beetle
 20701 | Lair:5   | Noticed an eight-headed hydra
 21291 | Lair:5   | Noticed Snorg
 21863 | Lair:5   | Reached skill level 5 in Poison Magic
 22025 | Lair:5   | Killed an eight-headed hydra
 22026 | Lair:5   | Reached XP level 13. HP: 112/112 MP: 15/26
 22188 | Lair:5   | Reached skill level 5 in Transmutations
 22188 | Lair:5   | Reached skill level 5 in Fire Magic
 22384 | Lair:5   | HP: 2/112 [Snorg (14)]
 22385 | Lair:5   | Killed Snorg
 23360 | Lair:5   | Reached skill level 1 in Armour
 23714 | Lair:6   | Entered Level 6 of the Lair of Beasts
 24027 | Lair:6   | Reached skill level 5 in Long Blades
 24075 | Lair:6   | Noticed a dire elephant
 24075 | Lair:6   | Noticed a dire elephant
 24075 | Lair:6   | Noticed a dire elephant
 24075 | Lair:6   | Noticed a dire elephant
 24390 | Lair:6   | Found a runed translucent door.
 24390 | Lair:6   | Noticed an azure jelly
 24391 | Lair:6   | Noticed an azure jelly
 24394 | Lair:6   | Noticed an azure jelly
 24396 | Lair:6   | Found a staircase to the Slime Pits.
 24925 | Lair:4   | Lost mutation: Your spells are a little harder to cast, but
                  | a little more powerful. [evolution]
 25010 | D:9      | Lost mutation: You are robust. (+10% HP) [potion of
                  | mutation]
 25010 | D:9      | Lost mutation: You are occasionally teleported next to
                  | monsters. [potion of mutation]
 25010 | D:9      | Gained mutation: You sometimes lose the ability to read
                  | scrolls when taking damage. [potion of mutation]
 25010 | D:9      | Gained mutation: You are partially covered in iridescent
                  | scales. (AC +2) [potion of mutation]
 25301 | Lair:6   | Reached skill level 12 in Conjurations
 25324 | Lair:6   | Learned a level 5 spell: Bolt of Magma
 25837 | Lair:6   | Noticed a dire elephant
 25864 | Lair:6   | Killed a dire elephant
 26351 | Lair:6   | Reached skill level 1 in Earth Magic
 26550 | D:8      | Lost mutation: You are covered in fur. (AC +1) [potion of
                  | mutation]
 26550 | D:8      | Lost mutation: You sometimes lose the ability to read
                  | scrolls when taking damage. [potion of mutation]
 26550 | D:8      | Gained mutation: Your movements are slightly less
                  | encumbered by armour. (ER -2) [potion of mutation]
 26550 | D:8      | Gained mutation: Your system is resistant to poisons.
                  | (rPois) [potion of mutation]
 27143 | Lair:6   | Reached skill level 5 in Armour
 27143 | Lair:6   | Reached XP level 14. HP: 110/110 MP: 9/27
 27457 | Lair:6   | Found the +8 longbow "Zephyr" {speed, Dex+3 SInv}
 28707 | Lair:6   | Identified the ring "Fanlitu" {rC+ rN+}
 30182 | D:11     | Identified the +9 hunting sling of Demonkind {flame, Str+5
                  | SInv}
 30456 | D:11     | Reached skill level 1 in Bows
 31936 | D:12     | Found a staircase to the Orcish Mines.
 32339 | D:12     | Identified the ring "Nuta" {Fire rPois rN+ Slay+2}
 32516 | D:12     | Identified the amulet of the Ego {Reflect rCorr Str+5 SH+5
                  | SInv}
 32900 | D:12     | Identified the ring "Ukhlaask" {Wiz Will+ rCorr Int+4}
 33469 | D:12     | Found a runed translucent door.
 33472 | D:12     | Found a runed translucent door.
 33472 | D:12     | Found a runed translucent door.
 33492 | D:12     | Found a runed translucent door.
 33492 | D:12     | Found a runed translucent door.
 33501 | D:12     | Identified the amulet "Ungusch Zoyti" {Acrobat -Tele
                  | Rampage Int+4}
 34230 | Lair:2   | Identified the +6 long sword of Equilibrium {freeze, Contam
                  | *Rage Fly SInv}
 34972 | D:13     | Found Pafig's Self-Improvement Boutique.
 37145 | D:14     | Noticed Louise
 37545 | D:14     | Annihilated by a very large slime creature

Illustrated notes

Levels and vault maps discovered:
D:1:      shiori_shiawase, layout_basic, hellmonk_ecumenical_altar_slurped_away
D:2:      layout_basic, st_stairs_3, uniq_sigmund, uniq_crazy_yiuf_cottage
D:3:      layout_loops_ring, nicolae_overflow_quartered_altars, serial_shops,
          shop, st_stairs_3, kennysheep_nub, uniq_jessica
D:4:      layout_loops_ring, uniq_eustachio, uniq_blork_the_orc
D:5:      layout_loops_cross, led_sif_book, minmay_temple_entry_butterflies
D:6:      layout_loops_ring, sword_in_stone
D:7:      layout_cave_pools
D:8:      layout_basic
D:9:      layout_basic, zin_statuary
D:10:     layout_basic, lemuel_coloured_pillars_altar, dpeg_oklobed_lair
D:11:     layout_long_grid, minmay_orc_keep
D:12:     minmay_the_grid_triangle_9x9_recursive_3_mashed
          [minmay_the_grid_triangle_9x9_limited_checkers,
          minmay_the_grid_triangle_9x9_tough_junction,
          minmay_the_grid_triangle_9x9_intruding_spiral,
          minmay_the_grid_triangle_9x9_prize_special,
          minmay_the_grid_triangle_9x9_fully_insulated_deathbox,
          minmay_the_grid_triangle_9x9_shrine,
          minmay_the_grid_triangle_9x9_empty,
          minmay_the_grid_triangle_9x9_zippers_horizontal,
          minmay_the_grid_triangle_9x9_semitri], layout_basic,
          kennysheep_orc_monster_closet_entryway, serial_glass, glass_columns_a,
          glass_columns_a
D:13:     layout_grid_maze, grunt_ministairs_8, nicolae_shop_self_help
D:14:     layout_cave_pods, david_vaults_1, portal_ice_cave_entry_pillars_three,
          uniq_louise
Lair:1:   layout_regular_city, infiniplex_staircase_pool_2
Lair:2:   layout_roguey, gammafunk_ghost_hydra_chop,
          grunt_forest_large_clearing_hut
Lair:3:   layout_long_grid, grunt_megastairs_5, infiniplex_staircase_pool,
          serial_bayou_shore_a
Lair:4:   layout_regular_city, swamp_mist, dummy_snake_entry
Lair:5:   layout_regular_city, st_stairs_12, uniq_snorg
Lair:6:   due_jungle_book, layout_cave_pods, slime_altar_2

Skill      XL: |  1  2  3  4  5  6  7  8  9 10 11 12 13 14 |
---------------+-------------------------------------------+-----
Conjurations   | 4 6 7 8 9 10 11 12 | 12.8
Dodging        | 2 3 4 5 6 7 8 |  8.0
Spellcasting   | 2 3 4 5 6 |  6.0
Fighting       | 1 2 3 4 5 6 |  6.0
Translocations | 1 2 3 4 5 6 |  6.0
Hexes          | 1 2 3 5 6 7 8 9 |  9.0
Poison Magic   | 3 5 6 |  6.0
Transmutations | 3 4 6 |  6.0
Fire Magic     | 3 4 6 7 |  7.8
Long Blades    | 2 4 5 7 |  7.0
Armour         | 5 6 |  6.0
Earth Magic    | 1 4 |  4.6
Bows           | 3 |  3.4
Stealth        | |  1.7

Action                   |  1- 3 |  4- 6 |  7- 9 | 10-12 | 13-15 || total
-------------------------+-------+-------+-------+-------+-------++-------
Melee: Dagger            |       |       |    34 |    25 |       ||    59
       Great sword       |       |       |       |     6 |    35 ||    41
 Cast: Magic Dart        |    77 |    90 |    78 |    15 |     2 ||   262
       Searing Ray       |     3 |     7 |    18 |       |       ||    28
       Iskenderun's Myst |       |       |    45 |    96 |   138 ||   279
       Fulminant Prism   |       |       |    47 |    90 |   116 ||   253
       Olgreb's Toxic Ra |       |       |       |    19 |    84 ||   103
       Ignite Poison     |       |       |       |    12 |    57 ||    69
Evoke: Wand              |       |       |       |       |     2 ||     2
  Use: Potion            |       |     5 |     1 |     6 |     2 ||    14
       Scroll            |       |       |     7 |     6 |     6 ||    19
Armor: Robe              |     3 |     5 |    27 |    46 |     8 ||    89
       Troll leather arm |       |       |       |       |   149 ||   149
Dodge: Dodged            |    13 |    18 |    70 |   100 |   162 ||   363
Block: Other             |       |       |       |       |     9 ||     9
       Reflection        |       |       |       |       |     5 ||     5
       Rpst.: Great sword |       |       |       |    15 |    24 ||    39
